 Dungeon Crawl Stone Soup version 0.25-a0-1126-g5fd7b56c60 (webtiles) character file.

Game seed: 1337647683188024133, levelgen mode: deterministic

7837 Murumi the Blocker (level 11, -4/89 HPs)
             Began as a Formicid Fighter on May 19, 2020.
             Was a High Priest of Okawaru.
             Slain by a black mamba (13 damage)
             ... on level 1 of the Lair of Beasts.
             The game lasted 00:35:07 (8536 turns).

Murumi the Blocker (Formicid Fighter)               Turns: 8536, Time: 00:35:07

Health: -4/89      AC: 14    Str: 21    XL:     11   Next: 44%
Magic:  15/15      EV: 14    Int: 11    God:    Okawaru [*****.]
Gold:   205        SH: 13    Dex: 16    Spells: 10/10 levels left

rFire    . . .     SeeInvis +   a - +1 long sword (flame)
rCold    . . .     Gourm    .   c - +1 kite shield
rNeg     . . .     Faith    .   l - +0 chain mail
rPois    .         Spirit   .   (helmet unavailable)
rElec    .         Reflect  .   (no cloak)
rCorr    .         Harm     .   (no gloves)
MR       +....                  h - +2 pair of boots
Stlth    ..........             (no amulet)
HPRegen  0.24/turn              j - +4 ring of evasion
MPRegen  0.14/turn              v - +6 ring of dexterity

@: no status effects
A: permanent stasis, dig shafts and tunnels, four strong arms, antennae 3
a: Dig, Shaft Self, Heroism, Finesse, Renounce Religion


You were on level 1 of the Lair of Beasts.
You worshipped Okawaru.
Okawaru was extremely pleased with you.
You were hungry.

You visited 3 branches of the dungeon, and saw 10 of its levels.

You collected 517 gold pieces.
You spent 312 gold pieces at shops.

Inventory:

Hand Weapons
 a - a +1 long sword of flaming (weapon)
Missiles
 e - 70 bolts
Armour
 c - a +1 kite shield (worn)
 h - a +2 pair of boots (worn)
 l - a +0 chain mail (worn)
Jewellery
 j - a +4 ring of evasion (left hand)
 v - a +6 ring of dexterity (right hand)
Wands
 m - a wand of flame (31)
 n - a wand of iceblast (5)
 t - a wand of polymorph (2)
 u - a wand of paralysis (4)
 w - a wand of random effects (24)
Scrolls
 b - 4 scrolls of amnesia
 k - 3 scrolls of enchant weapon
 r - a scroll of fog
 y - a scroll of remove curse
 A - 2 scrolls of identify
Potions
 d - 6 potions of might
 g - a potion of brilliance
 i - 2 potions of cancellation
 o - 2 potions of heal wounds
 p - a potion of magic
 s - a potion of stabbing
 z - a potion of mutation {unknown}
Comestibles
 f - 20 rations


   Skills:
 - Level 9.0 Fighting
 - Level 8.0 Long Blades
 - Level 9.0 Armour
 - Level 3.0 Dodging
 - Level 10.0 Shields
 - Level 6.0 Invocations
 + Level 4.6 Evocations


You had 10 spell levels left.
You didn't know any spells.
Your spell library contained the following spells:

 Spells                   Type           Power        Failure   Level  Hunger
 Animate Skeleton         Necr           N/A          94%         1    ##.....
 Pain                     Necr           #...         94%         1    ##.....
 Vampiric Draining        Necr           #.........   100%        3    ####...
 Animate Dead             Necr           N/A          100%        4    #####..
 Agony                    Necr           #.......     100%        5    ######.


Dungeon Overview and Level Annotations

Branches:
Dungeon (8/15)             Temple (1/1) D:6            Lair (1/6) D:8

Altars:
Ashenzari
Cheibriados
Dithmenos
Elyvilon
Fedhas
Gozag
Hepliaklqana
Kikubaaqudgha
Makhleb
Nemelex Xobeh
Okawaru
Qazlal
Ru
Sif Muna
Trog
Uskayaw
Vehumet
Wu Jian
Xom
Yredelemnul
Zin
The Shining One

Shops:
D:4 *   D:6 *


Innate Abilities, Weirdness & Mutations

You cannot be hasted, slowed, berserked, paralysed or teleported.
You can dig through walls and to a lower floor.
Your four strong arms can wield two-handed weapons with a shield.
You have a pair of large antennae on your head. (SInv)


Message History

You are more poisoned.
The black mamba poisons you! The black mamba bites you.
* * * LOW HITPOINT WARNING * * *
You are more poisoned.
The black mamba poisons you!
You hit the black mamba but do no damage.
The black mamba is almost dead.
* * * LOW HITPOINT WARNING * * *
You feel very sick. You block the black mamba's attack.
The black mamba bites you.
* * * LOW HITPOINT WARNING * * *
You feel better. You block the black mamba's attack. The black mamba bites you!
* * * LOW HITPOINT WARNING * * *
You hit the black mamba. You burn the black mamba.
The black mamba is almost dead.
You block the black mamba's attack. x2
You closely miss the black mamba.
The black mamba is almost dead.
The black mamba bites you!
You die...

..#...........#####..........#
##.).##....##...##...........##
#..<#.....###................##
..#.#......#
#P...#............##
..#.#.....##
##P.##.............#
..........# ##.##.............#
.........## #.##...(..........
........## #S##..............
.......## #@###.............
.... .## #.# #............. .!.
#.............
...####............ .....
##........... ......
#........... ......#
##.......... ........
##......... ##........


You could see a black mamba.

Vanquished Creatures
  Gastronok (Lair:1)
  A hydra (D:8)
  Harold (D:7)
  Joseph (D:7)
  A spiny frog (Lair:1)
  2 hippogriffs
  2 dream sheep (D:8)
  2 yaks (D:8)
  A wyvern (D:8)
  3 wargs (D:8)
  Duvessa (D:7)
  A sky beast (D:7)
  2 ogres
  2 phantoms
  2 crocodiles (Lair:1)
  5 centaurs
  3 big kobolds (D:8)
  3 bullfrogs
  Dowan (D:7)
  A scorpion (D:6)
  3 howler monkeys
  2 electric eels (Lair:1)
  2 crimson imps
  2 quasits (D:8)
  A centaur zombie (D:6)
  2 bullfrog skeletons
  5 hounds
  An orc priest (D:8)
  5 orc wizards
  4 iguanas
  8 worker ants
  Robin (D:2)
  7 gnolls
  12 adders
  A howler monkey skeleton (D:8)
  A shadow imp (D:5)
  3 worms (D:2)
  A dart slug (D:2)
  6 leopard geckos
  15 orcs
  4 giant cockroaches
  16 goblins
  7 hobgoblins
  10 jackals
  2 quokkas
  2 ball pythons
  4 bats
  4 frilled lizards
  A jackal skeleton (D:8)
  12 kobolds
  3 rats
183 creatures vanquished.

Vanquished Creatures (others)
  An adder (D:7)
  A giant cockroach (D:7)
2 creatures vanquished.

Grand Total: 185 creatures vanquished

Notes
Turn   | Place    | Note
-------+----------+-------------------------------------------
     0 | D:1      | Murumi the Formicid Fighter began the quest for the Orb.
     0 | D:1      | Reached XP level 1. HP: 18/18 MP: 1/1
   392 | D:1      | Reached skill level 1 in Dodging
   636 | D:1      | Reached XP level 2. HP: 24/24 MP: 2/2
   641 | D:1      | Reached skill level 4 in Shields
   961 | D:2      | Reached XP level 3. HP: 29/29 MP: 3/3
  1157 | D:2      | Noticed Robin
  1199 | D:2      | Killed Robin
  1199 | D:2      | Reached XP level 4. HP: 30/37 MP: 4/4
  1888 | D:2      | Reached XP level 5. HP: 37/42 MP: 5/5
  2450 | D:3      | Found a bloodstained altar of Trog.
  2594 | D:3      | Found a glowing golden altar of the Shining One.
  2626 | D:3      | Reached skill level 5 in Shields
  2891 | D:3      | Reached XP level 6. HP: 48/48 MP: 6/6
  3071 | D:4      | Reached skill level 5 in Fighting
  3090 | D:4      | Reached skill level 1 in Evocations
  3101 | D:4      | Reached XP level 7. HP: 48/56 MP: 8/8
  3288 | D:4      | Found Ocsuxoj's Assorted Antiques.
  3324 | D:4      | Bought a scroll labeled HORISI OCSUX for 23 gold pieces
  3324 | D:4      | Bought a bubbling golden potion for 20 gold pieces
  3324 | D:4      | Bought a scroll labeled PIAXTEOFON for 23 gold pieces
  3324 | D:4      | Bought a gilded ring for 115 gold pieces
  3324 | D:4      | Bought a scroll of identify for 46 gold pieces
  3324 | D:4      | Bought a dark potion for 20 gold pieces
  3373 | D:4      | Reached skill level 5 in Armour
  3413 | D:4      | Found a glowing silver altar of Zin.
  3413 | D:4      | Found a snail-covered altar of Cheibriados.
  3419 | D:4      | Found a faded altar of an unknown god.
  3421 | D:4      | Found a burning altar of Makhleb.
  3423 | D:4      | Found a faded altar of an unknown god.
  3665 | D:5      | Entered Level 5 of the Dungeon
  3953 | D:5      | Reached skill level 6 in Shields
  4117 | D:5      | Found an ornate altar of the Wu Jian Council.
  4122 | D:5      | Found an ancient bone altar of Kikubaaqudgha.
  4156 | D:5      | Reached XP level 8. HP: 55/62 MP: 9/9
  4257 | D:5      | You fall into a shaft and drop 1 floor!
  4396 | D:5      | Reached skill level 7 in Shields
  5089 | D:6      | Found Vidwurph's General Store.
  5108 | D:6      | Bought a scroll of identify for 26 gold pieces
  5108 | D:6      | Bought a potion of flight for 39 gold pieces
  5326 | D:6      | Found a staircase to the Ecumenical Temple.
  5337 | Temple   | Entered the Ecumenical Temple
  5393 | Temple   | Became a worshipper of Warmaster Okawaru
  5623 | D:6      | Reached skill level 5 in Long Blades
  5830 | D:6      | Reached skill level 1 in Invocations
  5988 | D:6      | Found a shimmering blue altar of Sif Muna.
  6058 | D:7      | Noticed Harold
  6165 | D:7      | Found a shattered altar of Ashenzari.
  6190 | D:7      | Noticed Duvessa
  6193 | D:7      | Noticed Dowan
  6202 | D:7      | Noticed Joseph
  6215 | D:7      | Killed Harold
  6215 | D:7      | Reached * piety under Okawaru
  6215 | D:7      | Reached skill level 8 in Shields
  6215 | D:7      | Reached XP level 9. HP: 39/72 MP: 10/12
  6218 | D:7      | Killed Duvessa
  6226 | D:7      | Killed Joseph
  6226 | D:7      | Reached ** piety under Okawaru
  6229 | D:7      | Killed Dowan
  6253 | D:6      | Reached XP level 10. HP: 15/79 MP: 13/13
  6542 | D:7      | Reached skill level 9 in Shields
  7167 | D:8      | Reached *** piety under Okawaru
  7184 | D:8      | Reached skill level 5 in Invocations
  7336 | D:8      | Noticed a three-headed hydra
  7342 | D:8      | Killed a one-headed hydra
  7342 | D:8      | Reached **** piety under Okawaru
  7617 | D:8      | Reached XP level 11. HP: 89/89 MP: 14/14
  7678 | D:8      | Found a staircase to the Lair.
  8067 | Lair:1   | Entered Level 1 of the Lair of Beasts
  8319 | Lair:1   | Noticed Gastronok
  8352 | Lair:1   | Killed Gastronok
  8352 | Lair:1   | Reached ***** piety under Okawaru
  8352 | Lair:1   | Reached skill level 10 in Shields
  8536 | Lair:1   | Slain by a black mamba

Illustrated notes

Levels and vault maps discovered:
D:1:      dpeg_arrival_boxorama, layout_loops_ring, chequers_arboretum
D:2:      layout_loops_corners, columned_hall_lemuel, kennysheep_generic_room_7,
          uniq_robin
D:3:      layout_basic, lemuel_coloured_pillars_altar, st_stairs_3,
          trog_hazing_becter
D:4:      layout_rooms, chequers_temple_overflow_minitemple, first_ration,
          serial_shops, shop
D:5:      layout_rooms, kennysheep_mini, overflow_temple_1_default,
          grunt_ministairs_7
D:6:      layout_layer_cave, minmay_temple_entry_poolview, serial_shops, shop,
          tgw_sif
D:7:      layout_rooms, ashenzari_altar_1, uniq_duvessa, uniq_joseph,
          uniq_harold
D:8:      layout_basic, erik_lair_orcish_takeover, hangedman_ranch
          [blue_anna_fruit_fields]
Temple:   nicolae_temple_x_marks_the_god
Lair:1:   layout_cave_pods, dpeg_stationary_puzzle, uniq_gastronok

Skill      XL: |  1  2  3  4  5  6  7  8  9 10 11 |
---------------+----------------------------------+-----
Dodging        | 1 2 3 |  3.0
Shields        | 4 5 6 8 9 10 | 10.0
Long Blades    | 3 4 5 6 7 8 |  8.0
Fighting       | 4 5 7 9 |  9.0
Armour         | 4 5 6 7 8 9 |  9.0
Evocations     | 2 3 4 |  4.6
Invocations    | 4 5 6 |  6.0

Action                   |  1- 3 |  4- 6 |  7- 9 | 10-12 || total
-------------------------+-------+-------+-------+-------++-------
Melee: Long sword        |    87 |   214 |   241 |   286 ||   828
       Unarmed           |       |       |    22 |       ||    22
Invok: Heroism           |       |       |     1 |     2 ||     3
 Abil: Dig               |     1 |     1 |     5 |     3 ||    10
  Use: Scroll            |     5 |     3 |     8 |     4 ||    20
       Potion            |       |       |     2 |     1 ||     3
  Eat: Chunk             |     1 |     7 |    10 |     5 ||    23
       Ration            |       |       |       |     1 ||     1
Armor: Scale mail        |    41 |    13 |       |       ||    54
       Chain mail        |       |    65 |    80 |    71 ||   216
       Skin              |       |       |    12 |       ||    12
Dodge: Dodged            |    29 |    93 |   184 |   113 ||   419
Block: Kite shield       |    57 |   133 |   187 |   150 ||   527
       Rpst.: Long sword |     9 |    28 |    32 |    23 ||    92

Table legend:
 A = Non-vault XP
 B = Vault XP
 C = Vault XP percentage of total XP
 D = Non-vault monster count
 E = Vault monster count
 F = Vault count percentage of total count
                 A         B        C        D         E       F
            +---------+---------+-------+---------+---------+-------
      Total |    4509 |    6688 |  59.7 |     131 |      52 |  28.4
            +---------+---------+-------+---------+---------+-------
        D:1 |      12 |       0 |   0.0 |       8 |       0 |   0.0
        D:2 |      82 |      63 |  43.4 |      19 |      17 |  47.2
        D:3 |     111 |      16 |  12.6 |      12 |       8 |  40.0
        D:4 |     509 |       0 |   0.0 |      29 |       0 |   0.0
        D:5 |     316 |       8 |   2.5 |       8 |       4 |  33.3
        D:6 |     869 |      40 |   4.4 |      22 |       1 |   4.3
        D:7 |     411 |    1676 |  80.3 |       6 |       4 |  40.0
        D:8 |    1256 |    2813 |  69.1 |      23 |      15 |  39.5
     Lair:1 |     943 |    2072 |  68.7 |       4 |       3 |  42.9
            +---------+---------+-------+---------+---------+-------
